 Dungeon Crawl Stone Soup version 0.28-a0-8-g6e044cfa68 (webtiles) character file.

Game seed: 16878756414622376421

9013 DocSulfur the Thaumaturge (level 11, -2/84 HPs)
             Began as a Djinni Hedge Wizard on July 24, 2021.
             Was a Follower of Makhleb.
             Killed by refrigeration
             ... invoked by Fannar
              (40 damage)
             ... on level 10 of the Dungeon.
             The game lasted 00:55:36 (14002 turns).

DocSulfur the Thaumaturge (Djinni Hedge Wizard)    Turns: 14002, Time: 00:55:36

Health: -2/84      AC:  9    Str:  9    XL:     11   Next: 66%
Gold:   518        EV: 12    Int: 19    God:    Makhleb [*.....] SH:  0 Dex: 13

rFire   + + +      SeeInvis .   r - staff of fire
rCold   x . .      Faith    .   (no shield)
rNeg    . . .      Spirit   .   x - +0 steam dragon scales
rPois   ∞          Reflect  .   y - +2 helmet
rElec   .          Harm     .   o - +0 cloak
rCorr   .          Rampage  .   (no gloves)
Will    +....                   (boots unavailable)
Stlth   ++........              v - amulet of the acrobat
HPRegen 0.24/turn               (no ring)
MPRegen 0.00/turn               (no ring)

@: flying
A: sickness immunity, fire resistance 2, cold vulnerability 1, float, innate
caster, hp casting, extra vitality 1
a: Renounce Religion


You were on level 10 of the Dungeon.
You worshipped Makhleb.
Makhleb was aware of your devotion.
You visited 2 branches of the dungeon, and saw 12 of its levels.

You collected 546 gold pieces.
You spent 28 gold pieces at shops.

Inventory:

Hand Weapons
 a - a +4 spear of freezing
 u - a +0 rapier
Missiles
 j - 68 poisoned darts (quivered)
Armour
 l - a +0 helmet
 n - a +0 kite shield
 o - a +0 cloak (worn)
 x - +0 steam dragon scales (worn)
 y - a +2 helmet (worn)
Magical Staves
 i - a staff of earth
 r - a staff of fire (weapon)
Jewellery
 v - an amulet of the acrobat (around neck)
Wands
 h - a wand of polymorph (6)
 A - a wand of iceblast (3)
Scrolls
 b - a scroll of noise {unknown}
 d - 6 scrolls of enchant armour
 f - a scroll of brand weapon
 k - 5 scrolls of magic mapping
 t - a scroll of enchant weapon {unknown}
 w - a scroll of teleportation {unknown}
Potions
 c - 2 potions of curing {unknown}
 e - 2 potions of invisibility
 g - 2 potions of haste {unknown}
 m - a potion of attraction {unknown}
 p - a potion of degeneration {unknown}
 q - 2 potions of cancellation {unknown}
 s - a potion of resistance {unknown}
 z - a potion of heal wounds
 B - a potion of mutation {unknown}


   Skills:
 + Level 9.3 Fighting
 - Level 2.1 Dodging
 - Level 1.5 Stealth
 + Level 6.4 Shields
 - Level 10.4 Spellcasting
 * Level 1.5 Invocations


You had 3 spell levels left.
You knew the following spells:

 Your Spells              Type           Power      Damage    Failure   Level
a - Magic Dart            Conj           100%       1d8       1%          1
b - Blink                 Tloc           N/A        N/A       1%          2
c - Call Imp              Summ           49%        N/A       1%          2
d - Slow                  Hex            49%        N/A       1%          2
e - Conjure Flame         Conj/Fire      65%        6-21      1%          3
f - Mephitic Cloud        Conj/Pois/Air  49%        N/A       1%          3
g - Beastly Appendage     Tmut           98%        N/A       1%          1
h - Corpse Rot            Necr/Air       N/A        N/A       1%          2
i - Searing Ray           Conj           98%        3d7       1%          2
j - Fulminant Prism       Conj/Hex       24%        3d13      1%          4
k - Agony                 Necr           49%        N/A       2%          5
Your spell library was empty.

Dungeon Overview and Level Annotations

Branches:
Dungeon (11/15)            Temple (1/1) D:4            Lair (0/6) D:8
    Orc (0/2) D:9

Altars:
Ashenzari
Cheibriados
Dithmenos
Elyvilon
Fedhas
Gozag
Hepliaklqana
Kikubaaqudgha
Makhleb
Nemelex Xobeh
Okawaru
Qazlal
Ru
Trog
Uskayaw
Vehumet
Wu Jian
Xom
Yredelemnul
Zin
The Shining One
Jiyva

Shops:
D:7 *   D:8 (

Annotations:
D:8 3 runed translucent doors, exclusion: rakshasa, Blejac999's ghost, journeyman DjCj; Conn's ghost, novice OpFE; anet's ghost, novice DECj
D:9 3 runed translucent doors, fly's ghost, novice FoDe
D:10 Fannar


Innate Abilities, Weirdness & Mutations

You are immune to sickness and miasma.
You are immune to poison.
Your flesh is very heat resistant. (rF++)
You are vulnerable to cold. (rC-)
You float through the air rather than walking.
You learn spells naturally, not from books.
Your magical power is your life essence.
You have superior vitality. (+4 HP)


Message History

Confirm with . or Enter, or press ? or * to list all spells.
A beastly little devil appears in a puff of frigid air.
The ice beast hits you but does no damage.
Casting: Call Imp (safe; 1% risk of failure)
Confirm with . or Enter, or press ? or * to list all spells.
Aiming: Searing Ray (safe; 1% risk of failure)
Press: ? - help, Shift-Dir - straight line, f/p - Fannar
Aim: Fannar, wielding a staff of cold and wearing a +2 robe of cold resistance (lightly wounded, very poisoned, slow, ally target, 72% to hit)
Really fire in your white imp's direction?
The searing ray hits the ice beast!
The ice beast is moderately wounded.
The searing ray hits your white imp!
You kill your white imp!
The searing ray hits Fannar!
Fannar is moderately wounded. (Press . to maintain the ray.)
The ice beast misses you.
The searing ray hits the ice beast.
The ice beast is heavily wounded.
The searing ray misses Fannar.
The ice beast completely misses you.
The searing ray hits the ice beast!
You kill the ice beast!
The searing ray hits Fannar!!
Fannar is heavily wounded.
The searing ray hits Fannar.
Fannar is severely wounded.
You finish channeling your searing ray.
Fannar gestures at you while chanting. The bolt of cold hits you!!!
You feel a terrible chill!
Casting: Searing Ray (safe; 1% risk of failure)
Confirm with . or Enter, or press ? or * to list all spells.
Aiming: Searing Ray (safe; 1% risk of failure)
Press: ? - help, Shift-Dir - straight line, f/p - Fannar
Aim: Fannar, wielding a staff of cold and wearing a +2 robe of cold resistance (severely wounded, poisoned, slow, 72% to hit)
The searing ray misses Fannar. (Press . to maintain the ray.) Fannar gestures wildly while chanting.
Fannar drains the heat from the surrounding environment!
You feel a terrible chill!
You die...

#.# #.#
######.# #.#
#..e(..# #.#
#@# #.# #.# #.#
#.# #.# #.#
#####.# #.#
#.....#######.#
#.#...........#
#.#.###########
#.#.#


You could see Fannar (poisoned, slow).

Vanquished Creatures
  Pikel (D:3)
  An elephant (D:8)
  Maurice (D:10)
  A troll (D:6)
  2 hornets
  Sigmund (D:5)
  A wyvern (D:8)
  A shadow (D:9)
  A wraith (D:9)
  6 yaks
  2 basilisks (D:8)
  A steam dragon (D:8)
  3 vampire mosquitoes (D:10)
  2 two-headed ogre zombies (D:9)
  A water moccasin (D:6)
  A hornet zombie (D:6)
  An ice beast (D:6)
  2 orc warriors
  2 black bears
  2 ogres
  2 necrophages
  2 sky beasts
  3 centaurs
  A lemure (D:4)
  3 phantoms
  2 kobold brigands
  2 bullfrogs
  A wyvern zombie (D:8)
  A scorpion (D:5)
  A wyvern skeleton (D:4)
  2 troll zombies (D:9)
  9 killer bees (D:9)
  13 wights
  3 centaur zombies
  6 hounds
  A jelly (D:4)
  A gnoll shaman (D:7)
  2 centaur skeletons (D:7)
  5 orc priests
  Jessica (D:2)
  12 orc wizards
  4 iguanas
  4 ogre zombies (D:9)
  A howler monkey zombie (D:9)
  12 gnolls
  A howler monkey skeleton (D:5)
  9 adders
  A dart slug (D:5)
  22 orcs
  8 ball pythons
  4 bats
  10 endoplasms
  2 giant cockroaches (D:2)
  4 goblins
  4 hobgoblins
  4 jackals (D:2)
  A quokka (D:4)
  A frilled lizard (D:1)
  2 goblin skeletons (D:9)
  3 goblin zombies (D:9)
  2 hobgoblin skeletons (D:9)
  2 hobgoblin zombies (D:9)
  20 kobolds
  3 orc skeletons (D:9)
  12 orc zombies (D:9)
  6 rats
248 creatures vanquished.

Vanquished Creatures (collateral kills)
  A bullfrog zombie (D:3)
1 creature vanquished.

Vanquished Creatures (others)
  3 fulminant prisms
  5 plants
  A withered plant (D:3)
9 creatures vanquished.

Grand Total: 258 creatures vanquished

Notes
Turn   | Place    | Note
-------+----------+-------------------------------------------
     0 | D:1      | DocSulfur the Djinni Hedge Wizard began the quest for the
                  | Orb.
     0 | D:1      | Reached XP level 1. HP: 15/15 MP: 0/0
   165 | D:1      | Found a faded altar of an unknown god.
   532 | D:1      | Reached XP level 2. HP: 19/22 MP: 0/0
  1122 | D:1      | Reached skill level 1 in Fighting
  1430 | D:2      | Reached skill level 3 in Spellcasting
  1430 | D:2      | Reached XP level 3. HP: 18/27 MP: 0/0
  1430 | D:2      | Learned a level 1 spell: Beastly Appendage
  1560 | D:2      | Noticed Jessica
  1616 | D:2      | Killed Jessica
  1617 | D:2      | Reached XP level 4. HP: 26/33 MP: 0/0
  2674 | D:3      | Found a basalt altar of Yredelemnul.
  2865 | D:3      | Found a hide-covered altar of Uskayaw.
  3160 | D:3      | Noticed a necrophage
  3161 | D:3      | Reached XP level 5. HP: 7/38 MP: 0/0
  3161 | D:3      | Learned a level 2 spell: Corpse Rot
  3444 | D:3      | Killed a necrophage
  3445 | D:3      | Reached skill level 4 in Spellcasting
  3445 | D:3      | Reached XP level 6. HP: 28/45 MP: 0/0
  3970 | D:4      | Noticed an ogre
  3999 | D:4      | Killed an ogre
  4252 | D:4      | Noticed a yak
  4252 | D:4      | Noticed a yak
  4269 | D:4      | Killed a yak
  4270 | D:4      | Reached skill level 5 in Spellcasting
  4270 | D:4      | Reached XP level 7. HP: 37/51 MP: 0/0
  4270 | D:4      | Learned a level 2 spell: Searing Ray
  4277 | D:4      | Noticed a yak
  4280 | D:4      | Killed a yak
  4515 | D:4      | Reached XP level 8. HP: 28/58 MP: 0/0
  4900 | D:4      | Found a staircase to the Ecumenical Temple.
  4906 | Temple   | Entered the Ecumenical Temple
  5063 | D:4      | Noticed Pikel
  5093 | D:3      | Killed Pikel
  5094 | D:3      | Reached skill level 5 in Fighting
  5094 | D:3      | Reached skill level 6 in Spellcasting
  5511 | D:4      | Found a sacrificial altar of Ru.
  5780 | D:4      | Killed a yak
  5781 | D:4      | Reached skill level 7 in Spellcasting
  5781 | D:4      | Reached XP level 9. HP: 49/66 MP: 0/0
  5781 | D:4      | Learned a level 4 spell: Fulminant Prism
  5895 | D:4      | Found a sparkling altar of Nemelex Xobeh.
  5895 | D:4      | Found a transporter.
  5982 | D:5      | Entered Level 5 of the Dungeon
  6176 | D:5      | Noticed Sigmund
  6189 | D:5      | Killed Sigmund
  6653 | D:5      | Found a snail-covered altar of Cheibriados.
  6867 | D:6      | Reached skill level 1 in Shields
  7029 | D:6      | Noticed a troll
  7200 | D:6      | HP: 3/67 [wight (1)]
  7516 | D:8      | Reached skill level 8 in Spellcasting
  7571 | D:8      | Found a runed translucent gate.
  7571 | D:8      | Found a runed translucent gate.
  7571 | D:8      | Found a runed translucent gate.
  7575 | D:8      | Noticed Blejac999's ghost (journeyman DjCj)
  7575 | D:8      | Noticed anet's ghost (novice DECj)
  7575 | D:8      | Noticed Conn's ghost (novice OpFE)
  7633 | D:7      | Found an opulent altar of Gozag.
  7898 | D:7      | You are sucked into a shaft and drop 3 floors!
  7898 | D:10     | Entered Level 10 of the Dungeon
  7912 | D:10     | Reached XP level 10. HP: 63/75 MP: 0/0
  8008 | D:8      | Found Wanus's Weapon Emporium.
  8166 | D:8      | Found a hazy altar of Hepliaklqana.
  8200 | D:8      | Reached skill level 9 in Spellcasting
  8208 | D:8      | Noticed an elephant
  8486 | D:6      | Found a white marble altar of Elyvilon.
  9698 | D:7      | Found Vetaipeg's General Store.
 10077 | D:7      | Identified the +3 chain mail "Filo" {+Blink Int+3}
 10261 | D:7      | Reached skill level 5 in Shields
 10303 | D:7      | Found an iron altar of Okawaru.
 10809 | D:7      | Bought a scroll of identify for 28 gold pieces
 10989 | D:8      | Reached XP level 11. HP: 69/82 MP: 0/0
 10989 | D:8      | Learned a level 5 spell: Agony
 11182 | D:8      | Found a staircase to the Lair.
 11257 | D:8      | Noticed a rakshasa
 11362 | D:8      | Killed an elephant
 11657 | D:9      | Found a runed translucent gate.
 11657 | D:9      | Found a runed translucent gate.
 11657 | D:9      | Found a runed translucent gate.
 11705 | D:9      | Reached skill level 10 in Spellcasting
 11728 | D:9      | Noticed fly's ghost (novice FoDe)
 11801 | D:9      | Found a staircase to the Orcish Mines.
 12297 | D:9      | Found a burning altar of Makhleb.
 12326 | D:9      | Became a worshipper of Makhleb the Destroyer
 12521 | D:9      | Found a bloodstained altar of Trog.
 13085 | D:9      | Reached * piety under Makhleb
 13644 | D:9      | Identified the +3 ring mail of Valiance {Harm rC- Regen+
                  | Int+4}
 13837 | D:10     | Noticed Maurice
 13856 | D:10     | Killed Maurice
 13906 | D:11     | Reached skill level 1 in Invocations
 13995 | D:10     | Noticed Fannar
 14002 | D:10     | Killed from afar by Fannar

Illustrated notes

Levels and vault maps discovered:
D:1:      sevenhm_arrival_forest_fort_small_6, layout_loops_corners,
          ebering_ecumenical_altar_petrified
D:2:      layout_loops_cross, uniq_jessica
D:3:      layout_loops_ring, nicolae_overflow_hidden_temple,
          yredelemnul_altar_generic, minmay_misc_feat_room, dk_noncrumbling_3
D:4:      cheibrodos_quashed, layout_rooms, grunt_nemelex_the_gamble,
          mainiacjoe_overflow_boulevard, temple_green, minmay_ruptured,
          uniq_pikel
D:5:      layout_layer_cave, kennysheep_slug_shrine, uniq_sigmund
D:6:      layout_basic, lemuel_tele_altar
D:7:      layout_loops_corners, okawaru_metal_pillars_3,
          mainiacjoe_overflow_concentric_impassable, nicolae_inconvenience_store
D:8:      minmay_cornered_nines, layout_basic, kennysheep_mini,
          david_lair_generic, gammafunk_ghost_cemetery, serial_shops, shop
D:9:      layout_loops_cross, mainiacjoe_overflow_24_doors,
          mainiacjoe_overflow_big_doors, zombieorc2_lemuel,
          gammafunk_ghost_necromancy
D:10:     layout_loops_ring, nicolae_sif_muna_little_library, uniq_fannar,
          uniq_maurice
D:11:     layout_cave_pools, special_room [special_room_kobold],
          gammafunk_ghost_arena, serial_shops, shop_statue
Temple:   pf_slimified_temple

Skill      XL: |  1  2  3  4  5  6  7  8  9 10 11 |
---------------+----------------------------------+-----
Fighting       | 1 2 3 4 6 7 8 9 |  9.3
Spellcasting   | 3 4 5 7 8 9 10 | 10.4
Shields        | 2 5 6 |  6.4
Invocations    | 1 |  1.5
Dodging        | |  2.1
Stealth        | |  1.5

Action                   |  1- 3 |  4- 6 |  7- 9 | 10-12 || total
-------------------------+-------+-------+-------+-------++-------
Melee: Dagger            |       |    26 |     2 |     1 ||    29
       Headbutt          |       |     2 |       |       ||     2
       Staff             |       |       |       |     2 ||     2
Throw: Dart              |       |     2 |     1 |     2 ||     5
 Cast: Magic Dart        |    49 |    89 |    47 |    66 ||   251
       Blink             |       |     4 |     5 |     2 ||    11
       Slow              |       |     2 |     1 |     1 ||     4
       Call Imp          |       |     5 |       |     6 ||    11
       Mephitic Cloud    |       |     4 |    11 |    17 ||    32
       Beastly Appendage |       |     1 |       |       ||     1
       Conjure Flame     |       |     8 |    30 |    40 ||    78
       Searing Ray       |       |       |    35 |   119 ||   154
       Fulminant Prism   |       |       |     1 |     2 ||     3
  Use: Scroll            |       |     4 |     3 |     4 ||    11
       Potion            |       |       |     1 |     1 ||     2
 Stab: Confused          |       |     2 |       |       ||     2
       Sleeping          |       |       |       |     1 ||     1
Armor: Robe              |     3 |     8 |     7 |     2 ||    20
       Steam dragon scal |       |       |       |    34 ||    34
Dodge: Dodged            |     7 |    30 |    37 |   105 ||   179

Table legend: (Time is in decaauts)
 A = Elapsed time spent in this place.
 B = Non-inter-level travel time spent in this place.
 C = Inter-level travel time spent in this place.
 D = Time resting spent in this place.
 E = Time spent auto-exploring this place.
 F = Levels seen in this place.
 G = Mean time per level.
                   A        B        C        D        E       F      G
               +--------+--------+--------+--------+--------+-----+--------+
         Total |  14017 |  13349 |    668 |   1867 |   7160 |  12 | 1168.1 |
       Dungeon |  13903 |  13235 |    668 |   1867 |   7076 |  11 | 1263.9 |
        Temple |    113 |    113 |      0 |      0 |     84 |   1 |  113.0 |
               +--------+--------+--------+--------+--------+-----+--------+

Top non-repeatable levels by time:
     D:3: 2078 daAuts
     D:8: 1911 daAuts
     D:9: 1839 daAuts
     D:7: 1540 daAuts
     D:2: 1438 daAuts
     D:6: 1414 daAuts
     D:4: 1270 daAuts
     D:1: 1233 daAuts
     D:5: 893 daAuts
    D:10: 225 daAuts
  Temple: 113 daAuts
    D:11: 58 daAuts
